 Dungeon Crawl Stone Soup version 0.21.1-1-g345015fe64 (webtiles) character file.

585 Gargoyl the Skirmisher (level 7, 0/59 HPs)
             Began as a Centaur Abyssal Knight on Apr 17, 2018.
             Was a Believer of Lugonu.
             Slain by an ogre
             ... wielding a +0 giant club
              (23 damage)
             ... on level 4 of the Dungeon on Apr 18, 2018.
             The game lasted 00:08:02 (4494 turns).

Gargoyl the Skirmisher (Centaur Abyssal Knight)     Turns: 4494, Time: 00:08:02

Health: 0/59       AC: 13    Str: 15    XL:     7   Next: 15%
Magic:  10/18      EV:  0    Int: 11    God:    Lugonu [**....]
Gold:   133        SH:  8    Dex: 10    Spells: 6/6 levels left

rFire    . . .     SeeInvis .   a - +1 hand axe
rCold    . . .     Gourm    .   d - +0 shield
rNeg     . . .     Faith    .   j - +1 plate armour
rPois    .         Spirit   .   (no helmet)
rElec    .         Reflect  .   i - +2 cloak
rCorr    .         Harm     .   (no gloves)
MR       .....                  (no barding)
Stlth    ..........             (no amulet)
HPRegen  0.19/turn              g - ring of magical power
MPRegen  0.16/turn              (no ring)

@: very quick
A: large, hooves 3, deformed body, speed 2, tough skin 3
a: Depart the Abyss, Bend Space, Renounce Religion


You were on level 4 of the Dungeon.
You worshipped Lugonu.
Lugonu was pleased with you.
You were not hungry.

You visited 1 branch of the dungeon, and saw 5 of its levels.
You visited the Abyss 1 time.

You collected 133 gold pieces.

Inventory:

Hand Weapons
 a - a +1 hand axe (weapon)
Armour
 d - a +0 shield (worn)
 i - a +2 cloak (worn)
 j - a +1 plate armour (worn)
Jewellery
 g - a ring of magical power (left hand)
Scrolls
 f - a scroll of teleportation
 n - 3 scrolls of identify
 o - a scroll of remove curse
Potions
 e - 4 potions of curing
 h - 2 potions of haste {unknown}
 l - a potion of brilliance {unknown}
 m - a potion of ambrosia {unknown}
 p - a potion of heal wounds {unknown}
Comestibles
 c - 7 rations


   Skills:
 + Level 4.1 Fighting
 + Level 3.7 Axes
 + Level 0.5 Throwing
 * Level 3.2 Armour
 + Level 1.0 Dodging
 + Level 2.0 Shields
 * Level 3.9 Invocations


You had 6 spell levels left.
You didn't know any spells.

Dungeon Overview and Level Annotations

Branches:
Dungeon (5/15)
 Temple: D:4-7

Altars:
Dithmenos
Wu Jian


Innate Abilities, Weirdness & Mutations

You have hooves in place of feet.
Armour fits poorly on your strangely shaped body.
You cover ground very quickly.
You have extremely tough skin. (AC +3)


Message History

Press: ? - help, Shift-Dir - straight line, f/p - ogre
Aim: an ogre, wielding a giant club (heavily wounded)
You throw a tomahawk. The tomahawk hits the ogre.
The ogre is heavily wounded.
You feel your magic capacity increase.
g - a ring of magical power (left hand) It was a potion of curing.
You feel better.
You hit the ogre but do no damage.
The ogre is heavily wounded.
The ogre hits you with a giant club!
You slash the ogre! Your kick misses the ogre.
The ogre is almost dead.
The ogre hits you with a giant club.
You hit the ogre.
The ogre is almost dead.
You block the ogre's attack.
You barely miss the ogre.
The ogre is almost dead.
The ogre hits you with a giant club!!
You die...

........#...............#
.......##...............#
.#......................#
#......##......####.#.###
#.####..#......###....#
..#####........##....##
...............##....#
#######.[.......#..#.#
##..............@O.#.#
##.###............##.#
...#..............##O#
.....##...........##.#
...####...........##.#
....# #...........##.#
....###..........###[#
..................##.#
..###..#..........##.#


You could see an ogre.

Vanquished Creatures
  The ghost of tensugalgo the Cleaver, a novice BaFi (D:4)
  An ogre (D:3)
  A scorpion (D:4)
  An orc wizard (D:3)
  2 adders (D:2)
  An ooze (D:1)
  A worm (D:3)
  3 dart slugs
  4 leopard geckos
  4 orcs (D:3)
  3 ball pythons
  A giant cockroach (D:1)
  11 goblins
  10 hobgoblins
  10 jackals
  3 kobolds
  11 bats
  5 frilled lizards
  5 rats
78 creatures vanquished.

Notes
Turn   | Place    | Note
-------+----------+-------------------------------------------
     0 | Abyss:1  | Gargoyl the Centaur Abyssal Knight began the quest for the Orb.
     0 | Abyss:1  | Reached XP level 1. HP: 19/19 MP: 2/2
    82 | Abyss:1  | Noticed a raiju
    84 | Abyss:1  | Noticed a raiju
    87 | D:1      | Escaped the Abyss
    87 | D:1      | Noticed an orb of fire
    87 | D:1      | Noticed an iron dragon
   110 | D:1      | Noticed a large abomination
   111 | D:1      | Noticed a shadow dragon
   113 | D:1      | Noticed a shadow dragon
   115 | D:1      | Noticed a large abomination
   116 | D:1      | Noticed a tentacled monstrosity
   118 | D:1      | Noticed a shadow dragon
   122 | D:1      | Noticed a tentacled monstrosity
   122 | D:1      | Noticed a purple draconian
   124 | D:1      | Noticed a shadow dragon
   124 | D:1      | Noticed an ice dragon
   128 | D:1      | Noticed a large abomination
   297 | D:1      | Noticed a white draconian
   368 | D:1      | Reached * piety under Lugonu
   546 | D:1      | Reached XP level 2. HP: 26/26 MP: 3/3
   954 | D:1      | Reached XP level 3. HP: 30/31 MP: 4/4
  1690 | D:2      | Reached ** piety under Lugonu
  1750 | D:2      | Reached XP level 4. HP: 12/38 MP: 4/6
  2477 | D:3      | Reached skill level 1 in Shields
  2507 | D:3      | Noticed an ogre
  2571 | D:3      | Found an ornate altar of the Wu Jian Council.
  2585 | D:3      | Killed an ogre
  2585 | D:3      | Reached skill level 1 in Dodging
  2585 | D:3      | Reached XP level 5. HP: 6/46 MP: 7/7
  3187 | D:3      | Found a shadowy altar of Dithmenos.
  3621 | D:4      | Noticed tensugalgo's ghost (novice BaFi)
  3934 | D:4      | Killed tensugalgo's ghost
  3934 | D:4      | Reached skill level 4 in Fighting
  3934 | D:4      | Reached XP level 6. HP: 52/52 MP: 8/8
  3934 | D:4      | Reached XP level 7. HP: 59/59 MP: 9/9
  4275 | D:5      | Entered Level 5 of the Dungeon
  4494 | D:4      | Slain by an ogre

Skill      XL: |  1  2  3  4  5  6  7 |
---------------+----------------------+-----
Axes           | 2 3 |  3.7
Armour         | 2 3 |  3.2
Shields        | 1 2 |  2.0
Dodging        | 1 |  1.0
Invocations    | 3 |  3.9
Fighting       | 4 |  4.1
Throwing       | |  0.5

Action                   |  1- 3 |  4- 6 |  7- 9 || total
-------------------------+-------+-------+-------++-------
Melee: Hand axe          |   118 |   129 |    20 ||   267
       Kick              |    10 |    28 |     5 ||    43
Throw: Tomahawk          |       |     4 |     4 ||     8
Invok: Depart the Abyss  |     1 |       |       ||     1
  Use: Scroll            |     4 |     2 |     1 ||     7
       Potion            |     1 |     1 |     1 ||     3
  Eat: Chunk             |     1 |     6 |       ||     7
       Ration            |       |       |     1 ||     1
Armor: Scale mail        |    31 |       |       ||    31
       Plate armour      |    91 |   115 |     8 ||   214
Dodge: Dodged            |    11 |     4 |       ||    15
Block: Shield            |    63 |    48 |     5 ||   116
